 Dungeon Crawl Stone Soup version 0.25-a0-610-gd0df705f03 (webtiles) character file.

Game seed: 11762613966683791491, levelgen mode: deterministic

15339 mopl the Geomancer (level 12, -10/74 HPs)
             Began as a Demonspawn Earth Elementalist on Mar 16, 2020.
             Was an Elder of Dithmenos.
             Mangled by a large abomination (35 damage)
             ... in a Gauntlet.
             The game lasted 00:40:54 (15692 turns).

mopl the Geomancer (Demonspawn Earth Elementalist) Turns: 15692, Time: 00:40:55

Health: -10/74     AC:  6    Str:  8 (9)  XL:     12   Next: 0%
Magic:  5/22       EV: 12    Int: 23 (25) God:    Dithmenos [****..]
Gold:   889        SH:  8    Dex: 15 (17) Spells: 3/25 levels left

rFire    + . .     SeeInvis .   a - +2 dagger (venom)
rCold    + . .     Gourm    .   I - +0 buckler
rNeg     . . .     Faith    .   A - +0 robe {rC+}
rPois    .         Spirit   .   J - +0 helmet
rElec    +         Reflect  +   U - +2 cloak
rCorr    .         Harm     .   (gloves unavailable)
MR       .....     NoTele   +   (no boots)
Stlth    ++++++++..             N - +3 amulet of reflection
HPRegen  0.22/turn              E - ring of protection from fire
MPRegen  0.18/turn              t - ring "Liuguvisen" {rElec Int+4 Dex+3 Stlth+}

@: hasted, wreathed by umbra, drained, very quick
A: claws 3, nightstalker 1, powered by pain 1
a: Shadow Step, Renounce Religion


You were in a Gauntlet.
You worshipped Dithmenos.
Dithmenos was greatly pleased with you.
You were not hungry.

You visited 3 branches of the dungeon, and saw 14 of its levels.
You also visited: Gauntlet and Volcano.

You collected 889 gold pieces.

Inventory:

Hand Weapons
 a - a +2 dagger of venom (weapon)
 B - a +0 rapier of freezing
Missiles
 b - 335 stones
 u - 7 javelins
 C - 14 poisoned darts (quivered)
 O - 4 atropa-tipped darts
 P - 2 boomerangs
Armour
 y - a +0 pair of gloves
 A - a +0 robe of cold resistance (worn)
 I - a +0 buckler (worn)
 J - a +0 helmet (worn)
 U - a +2 cloak (worn)
Jewellery
 d - the ring of Sankifuo {rPois rN+ Str+3 Dex+4, unknown}
   (You found it in a Gauntlet)

   [ring of poison resistance]

   It affects your strength (+3).
   It affects your dexterity (+4).
   It protects you from poison.
   It protects you from negative energy.
 m - an uncursed ring of protection from cold
 o - an uncursed ring of fire
 t - the ring "Liuguvisen" (right claw) {rElec Int+4 Dex+3 Stlth+}
   (You found it on level 4 of the Dungeon)

   [ring of intelligence]

   It affects your intelligence (+4).
   It affects your dexterity (+3).
   It insulates you from electricity.
   It makes you more stealthy.
 E - a ring of protection from fire (left claw)
 N - a +3 amulet of reflection (around neck)
Wands
 D - a wand of polymorph (20)
 K - a wand of acid (8)
 S - a wand of flame (20)
 T - a wand of paralysis (5)
Scrolls
 e - 5 scrolls of teleportation
 f - 3 scrolls of fear {unknown}
 g - 3 scrolls of torment {unknown}
 h - 3 scrolls of amnesia {unknown}
 i - a scroll of blinking {unknown}
 j - 10 scrolls of remove curse {unknown}
 p - 3 scrolls of immolation {unknown}
 s - 2 scrolls of magic mapping {unknown}
 w - 2 scrolls of fog {unknown}
 F - a scroll of summoning {unknown}
 H - a scroll of enchant weapon {unknown}
 L - a scroll of enchant armour {unknown}
Potions
 k - 4 potions of brilliance
 l - 6 potions of stabbing
 n - a potion of cancellation
 q - 2 potions of lignification {!q}
 r - a potion of haste
 v - a potion of ambrosia
 x - a potion of berserk rage {!q}
 z - 2 potions of curing
 G - 2 potions of heal wounds
 M - 2 potions of might
 V - a potion of resistance
Miscellaneous
 Q - 2 phantom mirrors
Comestibles
 c - 19 rations


   Skills:
 - Level 5.0(4.2) Short Blades
 - Level 1.7(1.0) Dodging
 + Level 7.3(6.5) Stealth
 - Level 4.0(3.3) Shields
 - Level 7.0(6.2) Spellcasting
 - Level 3.0(2.2) Conjurations
 + Level 3.1(2.4) Hexes
 - Level 2.0(1.3) Translocations
 + Level 6.5(5.7) Transmutations
 * Level 9.8(9.0) Earth Magic
 + Level 8.4(7.6) Invocations
 + Level 1.7(1.0) Evocations


You had 3 spell levels left.
You knew the following spells:

 Your Spells              Type           Power        Failure   Level  Hunger
a - Sandblast             Erth           #####.       1%          1    None
b - Stone Arrow           Conj/Erth      ####..       2%          3    #......
c - Petrify               Tmut/Erth      #####...     4%          4    ###....
e - Blink                 Tloc           N/A          8%          2    None
k - Lee's Rapid Deconstr  Erth           #####.....   6%          5    #####..
p - Passwall              Tmut/Erth      #####...     1%          2    None
y - Yara's Violent Unrav  Hex/Tmut       ####......   43%         5    #####..

Your spell library contained the following spells:

 Spells                   Type           Power        Failure   Level  Hunger
 Magic Dart               Conj           ###.         3%          1    None
 Slow                     Hex            ###.....     4%          2    None
 Freeze                   Ice            #...         9%          1    None
 Confusing Touch          Hex            ###.....     10%         3    #......
 Call Imp                 Summ           #.......     14%         2    None
 Gell's Gravitas          Tloc           ##........   16%         3    #......
 Conjure Flame            Conj/Fire      ##......     17%         3    #......
 Mephitic Cloud           Conj/Pois/Air  ##......     21%         3    #......
 Frozen Ramparts          Ice            #.....       26%         3    #......
 Ozocubu's Armour         Chrm/Ice       #.......     26%         3    #......
 Cause Fear               Hex            ###.......   32%         4    ###....
 Hailstorm                Conj/Ice       ##......     50%         4    ###....
 Summon Ice Beast         Ice/Summ       #.......     65%         4    ###....
 Metabolic Englaciation   Hex/Ice        ##........   83%         5    #####..
 Silence                  Hex/Air        ##........   83%         5    #####..
 Deflect Missiles         Chrm/Air       #.........   100%        6    ######.
 Discord                  Hex            ###.......   100%        8    #######


Dungeon Overview and Level Annotations

Branches:
Dungeon (10/15)            Temple (1/1) D:4            Lair (3/6) D:9
    Orc (0/2) D:10        Volcano (visited)         Gauntlet (1/1)
  Swamp: Lair:2-4    Shoals: Lair:2-4     Snake: Lair:2-4    Spider: Lair:2-4

Altars:
Ashenzari
Cheibriados
Dithmenos
Elyvilon
Fedhas
Gozag
Hepliaklqana
Kikubaaqudgha
Makhleb
Nemelex Xobeh
Okawaru
Qazlal
Ru
Sif Muna
Trog
Uskayaw
Vehumet
Wu Jian
Xom
Yredelemnul
Zin
The Shining One
Lugonu

Shops:
D:7 %

Annotations:
D:3 3 runed translucent doors, Tux's ghost, amateur TeAE
D:10 1 exclusion
Lair:3 1 runed translucent door Gauntlet 13 transporters


Innate Abilities, Weirdness & Mutations

You have claws for hands.
You are slightly more attuned to the shadows.
You sometimes gain a little power by taking damage.


Message History

Press: ? - help, v - describe, . - travel
Here: a small abomination (umbra)
The floor.
The small abomination stops moving altogether!
Okay, then.
Okay, then.
It was a potion of degeneration.
There was something very wrong with that liquid.
You feel weakened.
You feel dopey.
You feel clumsy.
Okay, then.
You feel yourself speed up. The small abomination hits you.
* * * LOW HITPOINT WARNING * * *
The small abomination misses you.
Unknown command.
You see here a vibrating bronze ring.
d - a vibrating bronze ring You see here a potion of haste.
r - a potion of haste The large abomination hits you!!
You die...

###..#.#.w...^..=
#8#..#.#..^....^.
#########..#.#...^....w
#8#........#.##########
#####........#.#.........
###§.....#######.#######...
#8#......#©...........©#...
###..######################
#..##..[@X..##.#...[©)?.J
###..#.#..X.x#.#.#..##.##..
#8#..#..#...#..#.#.#.^#..#^
###..#...#.#x..#.#.#..#..#.
#..#...x#....#.#.^#####^.
###..#...#©#x..#.#.#.©#..#.
#8#..#..#...#..#.#.#..#..#.
###..#.#..x..#.#.#..##J##..
#..##.x.....##.#...J.J..J


You could see 2 large abominations and 4 small abominations.

Vanquished Creatures
  A red draconian (Volcano)
  A centaur warrior (Volcano)
  2 black mambas (Lair:2)
  4 spiny frogs (Lair:2)
  2 yaktaurs (Volcano)
  4 komodo dragons
  A queen bee (D:8)
  2 dream sheep (Lair:2)
  9 blink frogs
  A hippogriff (Lair:2)
  Sigmund (D:2)
  9 yaks (Lair:2)
  A small abomination (Gauntlet)
  A hungry ghost (D:10)
  3 water moccasins
  An orc warrior (D:9)
  6 porcupines
  Duvessa (D:7)
  A black bear (D:9)
  A necrophage (D:5)
  A phantom (D:7)
  2 sky beasts
  3 wolves (Lair:1)
  3 ogres
  6 centaurs
  2 crocodiles (Lair:2)
  3 big kobolds
  5 bullfrogs
  A wyvern zombie (D:6)
  A water moccasin zombie (D:9)
  Dowan (D:7)
  4 scorpions
  A water moccasin skeleton (D:4)
  8 wights
  16 killer bees (D:8)
  8 crimson imps
  A centaur zombie (D:10)
  A quasit (D:9)
  7 orc wizards
  2 hounds (D:5)
  5 orc priests
  3 jellies
  2 bullfrog skeletons
  Jessica (D:2)
  2 iguanas
  A hell rat (Lair:2)
  4 worker ants
  A killer bee zombie (D:9)
  A hound skeleton (D:10)
  A hound zombie (D:8)
  7 gnolls
  16 adders
  5 shadow imps
  2 oozes
  2 adder skeletons
  A worm (D:3)
  3 dart slugs
  4 leopard geckos
  13 orcs
  6 bats
  3 giant cockroaches
  12 hobgoblins
  7 jackals
  31 kobolds
  7 quokkas
  2 ball pythons
  5 frilled lizards
  10 goblins
  A leopard gecko zombie (D:5)
  3 quokka skeletons
  5 rats
294 creatures vanquished.

Vanquished Creatures (others)
  A yaktaur (Volcano)
  A centaur (D:10)
  4 fungi
  A plant (D:3)
7 creatures vanquished.

Grand Total: 301 creatures vanquished

Notes
Turn   | Place    | Note
-------+----------+-------------------------------------------
     0 | D:1      | mopl the Demonspawn Earth Elementalist began the quest for
                  | the Orb.
     0 | D:1      | Reached XP level 1. HP: 13/13 MP: 3/3
   591 | D:1      | Reached skill level 3 in Earth Magic
   591 | D:1      | Gained mutation: You sometimes gain a little power by
                  | taking damage. [demonic ancestry]
   591 | D:1      | Reached XP level 2. HP: 12/19 MP: 0/5
   736 | D:1      | Learned a level 2 spell: Passwall
   885 | D:1      | Reached skill level 1 in Transmutations
  1022 | D:1      | Gained mutation: You are slightly more attuned to the
                  | shadows. [demonic ancestry]
  1022 | D:1      | Reached XP level 3. HP: 13/24 MP: 6/6
  1237 | D:1      | Reached skill level 2 in Stealth
  1924 | D:2      | Noticed Sigmund
  2001 | D:2      | Learned a level 3 spell: Stone Arrow
  2101 | D:2      | Reached XP level 4. HP: 10/30 MP: 0/8
  2285 | D:2      | Killed Sigmund
  2285 | D:2      | Reached skill level 3 in Spellcasting
  2285 | D:2      | Reached skill level 4 in Earth Magic
  2285 | D:2      | Reached XP level 5. HP: 32/35 MP: 4/10
  2291 | D:2      | Learned a level 4 spell: Petrify
  2292 | D:2      | Reached skill level 2 in Transmutations
  2384 | D:2      | Found an iron altar of Okawaru.
  2758 | D:2      | Reached XP level 6. HP: 41/41 MP: 11/11
  2849 | D:2      | Noticed Jessica
  2869 | D:2      | Killed Jessica
  3826 | D:3      | Reached skill level 3 in Stealth
  3833 | D:3      | Reached skill level 4 in Spellcasting
  4053 | D:3      | Found a runed translucent gate.
  4055 | D:3      | Found a runed translucent gate.
  4056 | D:3      | Found a runed translucent gate.
  4057 | D:3      | Identified the cursed +1 whip of the Special Tales {chaos,
                  | rPois rF+}
  4085 | D:3      | Noticed Tux's ghost (amateur TeAE)
  4723 | D:4      | Got a coiled lead ring
  4724 | D:4      | Identified the ring "Liuguvisen" {rElec Int+4 Dex+3 Stlth+}
                  | (You found it on level 4 of the Dungeon)
  4946 | D:4      | Found a staircase to the Ecumenical Temple.
  4968 | Temple   | Entered the Ecumenical Temple
  5107 | Temple   | Became a worshipper of Dithmenos the Shadowed
  5236 | D:4      | Reached XP level 7. HP: 42/46 MP: 13/13
  5344 | D:4      | Learned a level 5 spell: Lee's Rapid Deconstruction
  5551 | D:5      | Entered Level 5 of the Dungeon
  5787 | D:5      | Reached skill level 5 in Earth Magic
  5787 | D:5      | Reached skill level 1 in Invocations
  5882 | D:5      | Reached skill level 1 in Conjurations
  5998 | D:5      | Reached skill level 5 in Spellcasting
  5998 | D:5      | Reached skill level 3 in Transmutations
  5998 | D:5      | Reached skill level 2 in Invocations
  6021 | D:5      | Reached * piety under Dithmenos
  6279 | D:5      | Reached XP level 8. HP: 52/52 MP: 15/15
  6527 | D:6      | Reached skill level 4 in Stealth
  6643 | D:6      | Reached skill level 2 in Conjurations
  6643 | D:6      | Reached skill level 3 in Invocations
  6986 | D:5      | Reached skill level 6 in Earth Magic
  7873 | D:7      | Reached skill level 1 in Short Blades
  7873 | D:7      | Reached skill level 6 in Spellcasting
  8074 | D:7      | Noticed Duvessa
  8074 | D:7      | Noticed Dowan
  8091 | D:7      | Killed Duvessa
  8091 | D:7      | Reached XP level 9. HP: 57/57 MP: 6/18
  8095 | D:7      | Killed Dowan
  8139 | D:7      | Reached skill level 4 in Invocations
  8171 | D:7      | You fall into a shaft and drop 3 floors!
  8171 | D:10     | Entered Level 10 of the Dungeon
  8404 | D:9      | Reached skill level 3 in Conjurations
  8406 | D:9      | Reached skill level 4 in Transmutations
  8410 | D:9      | Reached ** piety under Dithmenos
  8526 | D:9      | Reached skill level 1 in Shields
  8577 | D:9      | Found a bloodstained altar of Trog.
  8968 | D:7      | Found Aromaf's Food Shop.
  9052 | D:7      | Learned a level 2 spell: Blink
  9350 | D:8      | Reached skill level 2 in Short Blades
  9350 | D:8      | Noticed a queen bee
  9365 | D:8      | Killed a queen bee
  9365 | D:8      | Reached skill level 5 in Stealth
  9365 | D:8      | Reached skill level 2 in Shields
  9375 | D:8      | Reached skill level 1 in Translocations
  9593 | D:8      | Reached skill level 7 in Earth Magic
 10223 | D:8      | Reached skill level 5 in Invocations
 10422 | D:8      | Identified the cursed +0 scale mail "Xutijaeh" {rPois
                  | Str+3}
 10861 | D:8      | Found a white marble altar of Elyvilon.
 11235 | D:9      | Reached *** piety under Dithmenos
 11235 | D:9      | Reached skill level 3 in Shields
 11249 | D:9      | Gained mutation: You have sharp fingernails. [demonic
                  | ancestry]
 11249 | D:9      | Reached XP level 10. HP: 61/63 MP: 13/19
 11619 | D:9      | Found a staircase to the Lair.
 11623 | D:9      | Reached skill level 2 in Translocations
 11993 | D:10     | Found a staircase to the Orcish Mines.
 12266 | D:10     | Reached skill level 3 in Short Blades
 12268 | D:10     | Found a corrupted altar of Lugonu.
 12311 | Lair:1   | Entered Level 1 of the Lair of Beasts
 12783 | Lair:1   | Reached skill level 4 in Shields
 12783 | Lair:1   | Reached skill level 6 in Invocations
 12794 | Lair:1   | Reached skill level 5 in Transmutations
 12800 | Lair:1   | Reached skill level 8 in Earth Magic
 13350 | Lair:2   | Noticed a spiny frog
 13361 | Lair:2   | Killed a spiny frog
 13361 | Lair:2   | Reached skill level 7 in Spellcasting
 13373 | Lair:2   | Noticed a black mamba
 13385 | Lair:2   | Killed a black mamba
 13385 | Lair:2   | Reached skill level 6 in Stealth
 13416 | Lair:2   | Reached **** piety under Dithmenos
 13454 | Lair:2   | Reached skill level 4 in Short Blades
 13461 | Lair:2   | Noticed a black mamba
 13485 | Lair:2   | Gained mutation: You have very sharp fingernails. [demonic
                  | ancestry]
 13485 | Lair:2   | Reached XP level 11. HP: 38/68 MP: 2/21
 13574 | Lair:2   | Reached skill level 7 in Invocations
 13582 | Lair:2   | Found a hazy altar of Hepliaklqana.
 13675 | Lair:2   | Found a dark tunnel.
 13703 | Volcano  | Entered a volcano
 13943 | Volcano  | Learned a level 5 spell: Yara's Violent Unravelling
 13961 | Volcano  | Noticed a centaur warrior
 13980 | Volcano  | Found a bloodstained altar of Trog.
 13982 | Volcano  | Noticed a red draconian
 13985 | Volcano  | Killed a centaur warrior
 13996 | Volcano  | Reached skill level 9 in Earth Magic
 14008 | Volcano  | Reached skill level 1 in Hexes
 14017 | Volcano  | Killed a red draconian
 14019 | Volcano  | Reached skill level 6 in Transmutations
 14338 | Lair:2   | Reached skill level 2 in Hexes
 14378 | Lair:2   | Reached skill level 7 in Stealth
 14532 | Lair:2   | Reached skill level 8 in Invocations
 14572 | Lair:2   | Reached skill level 5 in Short Blades
 14782 | Lair:2   | Reached skill level 1 in Evocations
 15029 | Lair:2   | Reached skill level 3 in Hexes
 15165 | Lair:3   | Found a runed translucent door.
 15187 | Lair:3   | Noticed a four-headed hydra
 15199 | Lair:3   | Found a gate leading to a gauntlet.
 15236 | Gauntlet | Entered a Gauntlet
 15236 | Gauntlet | Found a transporter.
 15236 | Gauntlet | Found a transporter.
 15245 | Gauntlet | Found a transporter.
 15260 | Gauntlet | Found a transporter.
 15275 | Gauntlet | Noticed a death ooze
 15277 | Gauntlet | Found a transporter.
 15289 | Gauntlet | Found a transporter.
 15291 | Gauntlet | Noticed a death ooze
 15304 | Gauntlet | Noticed a death ooze
 15306 | Gauntlet | Found a transporter.
 15379 | Gauntlet | Found a transporter.
 15393 | Gauntlet | Found a transporter.
 15410 | Gauntlet | Found a transporter.
 15422 | Gauntlet | Found a transporter.
 15440 | Gauntlet | Found a transporter.
 15514 | Gauntlet | Found a transporter.
 15524 | Gauntlet | Noticed a death ooze
 15525 | Gauntlet | Found a transporter.
 15539 | Gauntlet | Found a transporter.
 15575 | Gauntlet | Found a transporter.
 15668 | Gauntlet | Gained mutation: You have claws for hands. [demonic
                  | ancestry]
 15668 | Gauntlet | Reached XP level 12. HP: 22/74 MP: 2/22
 15689 | Gauntlet | Got a vibrating bronze ring
 15692 | Gauntlet | Mangled by a large abomination

Levels and vault maps discovered:
D:1:      heliophobic_arrival_henge, layout_basic, minmay_tetromino_s4
D:2:      layout_rooms, okawaru_gym_becter, serial_bayou_pond_c, uniq_sigmund,
          uniq_jessica
D:3:      layout_rooms, gammafunk_ghost_nasty_kobolds, minmay_bisected
D:4:      layout_basic, minmay_temple_entry_antechambers,
          minmay_fractal_squares_gapless_5
D:5:      layout_rooms, first_ration
D:6:      layout_gridville
D:7:      layout_basic, serial_shops, shop_fountains, uniq_duvessa
D:8:      layout_basic, david_nohive_1, elyvilon_altar_3
D:9:      layout_irregular_city, grunt_lair_entry_orc_guard_hut, serial_glass,
          glass_columns_a, glass_columns_a, glass_columns_a, glass_columns_a,
          glass_columns_c, glass_columns_a, glass_columns_a, glass_columns_a,
          glass_columns_c, glass_columns_a, minmay_misc_feat_ornament,
          trog_three_pillars_becter
D:10:     kennysheep_kobold_lugonu_temple, layout_long_grid
Temple:   roderic_octagonal_lattice_temple
Lair:1:   layout_misc_corridors
Lair:2:   layout_regular_city, nicolae_volcano_entry_hallway, basic_altar,
          minmay_shattered_shrine
Lair:3:   regret_index_wax_grids, layout_chaotic_city, dummy_spider_entry,
          gammafunk_ghost_grave, gauntlet_entry_generic, serial_bayou_lagoon_a
Gauntlet: gammafunk_gauntlet_branching [gammafunk_gauntlet_arena_teeth,
          gammafunk_gauntlet_arena_grid, nicolae_gauntlet_arena_x,
          nicolae_gauntlet_arena_quarters, nicolae_gauntlet_arena_grate_2,
          nicolae_gauntlet_swirl, gammafunk_gauntlet_arena_open,
          nicolae_gauntlet_arena_t_cross,
          nicolae_gauntlet_exit_dead_adventurers]

Skill      XL: |  1  2  3  4  5  6  7  8  9 10 11 |
---------------+----------------------------------+-----
Earth Magic    | 3 4 5 6 7 8 9 |  9.8
Transmutations | 1 2 3 4 5 6 |  6.5
Stealth        | 2 3 4 5 6 7 |  7.3
Spellcasting   | 3 4 5 6 7 |  7.0
Invocations    | 2 3 5 6 8 |  8.4
Conjurations   | 1 2 3 |  3.0
Short Blades   | 1 2 4 5 |  5.0
Shields        | 3 4 |  4.0
Translocations | 1 2 |  2.0
Hexes          | 3 |  3.1
Evocations     | 1 |  1.7
Dodging        | |  1.7

Action                   |  1- 3 |  4- 6 |  7- 9 | 10-12 || total
-------------------------+-------+-------+-------+-------++-------
Melee: Unarmed           |    11 |       |       |       ||    11
       Dagger            |    85 |   169 |   322 |   159 ||   735
Throw: Dart              |       |       |     4 |       ||     4
       Stone             |       |       |     1 |       ||     1
 Cast: Sandblast         |    41 |    20 |    37 |    19 ||   117
       Stone Arrow       |     1 |       |       |     6 ||     7
       Petrify           |       |       |    53 |    63 ||   116
       Lee's Rapid Decon |       |       |     2 |     5 ||     7
       Passwall          |       |       |     1 |     7 ||     8
Evoke: Wand              |       |       |       |     4 ||     4
  Use: Potion            |       |     2 |       |     3 ||     5
       Scroll            |       |     1 |     5 |     7 ||    13
 Stab: Sleeping          |     5 |    10 |    20 |    24 ||    59
       Petrified         |       |       |    56 |    77 ||   133
       Petrifying        |       |       |     9 |     2 ||    11
       Distracted        |       |       |     2 |       ||     2
  Eat: Chunk             |     4 |    10 |    19 |    20 ||    53
       Ration            |       |       |     2 |     1 ||     3
Armor: Robe              |    17 |    23 |    24 |    14 ||    78
Dodge: Dodged            |    79 |    97 |   196 |    74 ||   446
Block: Buckler           |       |       |    33 |    52 ||    85
       Reflection        |       |       |       |     3 ||     3

Table legend:
 A = Non-vault XP
 B = Vault XP
 C = Vault XP percentage of total XP
 D = Non-vault monster count
 E = Vault monster count
 F = Vault count percentage of total count
                 A         B        C        D         E       F
            +---------+---------+-------+---------+---------+-------
      Total |   13481 |    8432 |  38.5 |     244 |      52 |  17.6
            +---------+---------+-------+---------+---------+-------
        D:1 |      53 |       9 |  14.5 |      30 |       2 |   6.2
        D:2 |     131 |     249 |  65.5 |      31 |       2 |   6.1
        D:3 |      46 |      39 |  45.9 |      16 |       5 |  23.8
        D:4 |     322 |       0 |   0.0 |      17 |       0 |   0.0
        D:5 |     859 |       0 |   0.0 |      25 |       0 |   0.0
        D:6 |     787 |       0 |   0.0 |      13 |       0 |   0.0
        D:7 |     402 |     216 |  35.0 |       8 |       2 |  20.0
        D:8 |     409 |    1287 |  75.9 |      15 |      17 |  53.1
        D:9 |     951 |     622 |  39.5 |      34 |       5 |  12.8
       D:10 |     876 |       0 |   0.0 |      15 |       0 |   0.0
     Lair:1 |    1834 |       0 |   0.0 |       9 |       0 |   0.0
     Lair:2 |    6576 |    2079 |  24.0 |      29 |       7 |  19.4
     Lair:3 |     235 |       0 |   0.0 |       2 |       0 |   0.0
    Volcano |       0 |    3606 | 100.0 |       0 |       8 | 100.0
   Gauntlet |       0 |     325 | 100.0 |       0 |       4 | 100.0
            +---------+---------+-------+---------+---------+-------
